 Dungeon Crawl Stone Soup version 0.31-a0-360-gb3e1d13bf4 (webtiles) character file.

Game seed: 5489740292628432194

421 GilGalad the Trooper (level 6, -3/56 HPs)
             Began as a Minotaur Fighter on July 27, 2023.
             Was an Initiate of Qazlal.
             Slain by Menkaure (15 damage)
             ... on level 3 of the Dungeon.
             The game lasted 00:04:52 (3195 turns).

GilGalad the Trooper (Minotaur Fighter)             Turns: 3195, Time: 00:04:52

Health: -3/56      AC:  7    Str: 23    XL:     6   Next: 62%
Magic:  5/5        EV:  9    Int:  5    God:    Qazlal [......]
Gold:   158        SH:  5    Dex:  9    Spells: 5/5 levels left

rFire   . . .        a - +0 war axe
rCold   . . .        c - +0 buckler
rNeg    . . .        b - +0 scale mail
rPois   .            (helmet restricted)
rElec   .            (no cloak)
rCorr   .            (no gloves)
SInv    .            (no boots)
Will    .....        (no amulet) Stlth
                     (no ring)
HPRegen 0.29/turn    (no ring)
MPRegen 0.09/turn

%: no passive effects
@: no status effects
A: horns 2, retaliatory headbutt
a: Renounce Religion


You were on level 3 of the Dungeon.
You worshipped Qazlal.
Qazlal was noncommittal.
You visited 1 branch of the dungeon, and saw 4 of its levels.
You also visited: Sewer.

You collected 158 gold pieces.

Inventory:

Hand Weapons
 a - a +0 war axe (weapon)
Armour
 b - a +0 scale mail (worn)
 c - a +0 buckler (worn)
Jewellery
 m - a ring of resist corrosion
Wands
 t - a wand of flame (30)
Scrolls
 e - 5 scrolls of enchant armour {unknown}
 f - a scroll of torment {unknown}
 g - 3 scrolls of identify {unknown}
 h - 2 scrolls of vulnerability {unknown}
 i - 2 scrolls of teleportation {unknown}
 k - a scroll of silence {unknown}
 n - a scroll of enchant weapon {unknown}
 o - a scroll of summoning {unknown}
 p - a scroll of amnesia {unknown}
 q - a scroll of revelation {unknown}
 r - a scroll of blinking {unknown}
 u - a scroll of immolation {unknown}
Potions
 d - a potion of mutation {unknown}
 j - a potion of brilliance {unknown}
 l - a potion of curing {unknown}
 s - 2 potions of cancellation {unknown}
 v - a potion of degeneration {unknown}


   Skills:
 + Level 5.5 Fighting
 + Level 4.7 Axes
 + Level 5.4 Armour
 + Level 5.5 Shields


You had 5 spell levels left.
You didn't know any spells.
Your spell library contained the following spells:

 Spells                   Type           Power      Damage    Failure   Level
 Kiss of Death            Conj/Necr      0%         2d5       83%         1
 Sting                    Tmut/Pois      0%         1d3       83%         1
 Poisonous Vapours        Pois/Air       0%         N/A       92%         2
 Confusing Touch          Hex            0%         N/A       99%         3
 Dazzling Flash           Conj/Hex       0%         N/A       99%         3
 Volatile Blastmotes      Fire/Tloc      0%         2d10      99%         3
 Dispel Undead            Necr           0%         3d6       100%        4
 Olgreb's Toxic Radiance  Pois           0%         N/A       100%        4
 Starburst                Conj/Fire      0%         6d3       100%        6
 Maxwell's Capacitive Co  Air            0%         ∞         100%        8


Dungeon Overview and Level Annotations

Branches:
Dungeon (4/15)              Sewer (visited)
 Temple: D:4-7

Altars:
Elyvilon
Qazlal

Annotations:
D:3 Menkaure


Innate Abilities, Weirdness & Mutations

You have a pair of horns on your head.
You reflexively headbutt those who attack you in melee.


Message History

You hit the endoplasm.
You kill the endoplasm!
Qazlal accepts your kill.
You hit the hound. The hound barely misses you. You block the hound's attack.
You closely miss the hound. You headbutt the hound.
You kill the hound!
Qazlal accepts your kill.
No target in view!
HP restored.
v - a fuming dark potion Menkaure, Prince of Dust comes into view.
Menkaure shouts!
Menkaure casts a spell.
Menkaure seems to speed up.
You see here a hound corpse.
There is a stone staircase leading up here.
You climb upwards.
There is a stone staircase leading down here.
You climb downwards.
Level annotation: Menkaure
There is a stone staircase leading up here.
Menkaure hits you but does no damage.
You hit Menkaure.
Menkaure is moderately damaged.
Menkaure hits you! x2
You closely miss Menkaure.
You headbutt Menkaure, but do no damage.
Menkaure is moderately damaged.
Menkaure calls on the powers of darkness!
Your body is wracked with pain!
Menkaure calls on the powers of darkness!
Your body is wracked with pain!
* * * LOW HITPOINT WARNING * * *
There is a stone staircase leading up here.
Menkaure barely misses you.
You climb upwards.
There is a stone staircase leading down here.
Menkaure gestures ominously.
Menkaure attacks as you move away! Menkaure hits you!
You die...

.# #..####.#
##...###.###### .#
#.......# ##'## #.#.##..
.# ##.###### #.#
###.##.# .# #.# #.#
#...##.. .# #.# ##.##
#.###### .#
#.#########...###.......
.#
#.#.....##.....#####..##
.# #.#..>..###...## #..#
##
#.#...M@...#.#######..#
#.......##............#
###.....###########...#
####### #####


You could see Menkaure (fast).

Vanquished Creatures
  Sigmund (D:2)
  Pargi (Sewer)
  A hound (D:4)
  Terence (D:2)
  5 adders
  A worm (D:3)
  2 dart slugs (D:2)
  An orc (D:3)
  7 endoplasms
  2 giant cockroaches
  7 goblins
  5 hobgoblins
  7 jackals
  2 quokkas (D:1)
  8 ball pythons
  4 bats
  2 frilled lizards
  6 kobolds
  8 rats
71 creatures vanquished.

Notes
Turn   | Place    | Note
-------+----------+-------------------------------------------
     0 | D:1      | GilGalad the Minotaur Fighter began the quest for the Orb.
     0 | D:1      | Reached XP level 1. HP: 19/19 MP: 0/0
   157 | D:1      | Reached XP level 2. HP: 24/27 MP: 1/1
   953 | D:2      | Reached XP level 3. HP: 33/33 MP: 2/2
  1255 | D:2      | Noticed Terence
  1262 | D:2      | Killed Terence
  1263 | D:2      | Reached XP level 4. HP: 36/41 MP: 3/3
  1505 | D:2      | Noticed Sigmund
  1630 | D:2      | Killed Sigmund
  1631 | D:2      | Reached skill level 5 in Fighting
  1631 | D:2      | Reached skill level 5 in Armour
  1631 | D:2      | Reached skill level 5 in Shields
  1631 | D:2      | Reached XP level 5. HP: 20/48 MP: 4/4
  1999 | D:3      | Found a stormy altar of Qazlal.
  2023 | D:3      | Found a glowing drain.
  2032 | D:3      | Reached XP level 6. HP: 43/56 MP: 5/5
  2055 | D:3      | Found a white marble altar of Elyvilon.
  2079 | D:3      | Became a worshipper of Qazlal Stormbringer
  2116 | Sewer    | Entered a sewer
  2151 | Sewer    | Noticed Pargi
  2165 | Sewer    | Killed Pargi
  3170 | D:4      | Noticed Menkaure
  3195 | D:3      | Slain by Menkaure

Illustrated notes

Levels and vault maps discovered:
D:1:      dpeg_arrival_water_fire, layout_basic, st_stairs_13,
          hangedman_decor_clover_reticule
D:2:      layout_basic, uniq_sigmund, uniq_terence
D:3:      layout_loops_corners, mainiacjoe_overflow_catwalk_spiral,
          portal_sewer_entry_a, bh_walls_and_bars
D:4:      layout_loops_ring, uniq_eustachio, uniq_menkaure, uniq_pikel

Skill      XL: |  1  2  3  4 |
---------------+-------------+-----
Shields        | 4 5 |  5.5
Fighting       | 4 5 |  5.5
Armour         | 4 5 |  5.4
Axes           | 3 4 |  4.7

Action                     |  1- 3 |  4- 6 || total
---------------------------+-------+-------++-------
  Melee: War axe           |    62 |    91 ||   153
         Headbutt          |     7 |    11 ||    18
    Use: Potion            |       |     2 ||     2
 Armour: Scale mail        |    24 |    49 ||    73
  Dodge: Dodged            |    27 |    56 ||    83
  Block: Buckler           |    10 |    24 ||    34

Table legend: (Time is in decaauts)
 A = Elapsed time spent in this place.
 B = Non-inter-level travel time spent in this place.
 C = Inter-level travel time spent in this place.
 D = Time resting spent in this place.
 E = Time spent auto-exploring this place.
 F = Levels seen in this place.
 G = Mean time per level.
                   A        B        C        D        E       F      G
               +--------+--------+--------+--------+--------+-----+--------+
         Total |   3261 |   3072 |    189 |     90 |   2461 |   5 |  652.2 |
       Dungeon |   3005 |   2816 |    189 |     90 |   2245 |   4 |  751.2 |
         Sewer |    256 |    256 |      0 |      0 |    216 |   1 |  256.0 |
               +--------+--------+--------+--------+--------+-----+--------+

Top non-repeatable levels by time:
     D:1: 1054 daAuts
     D:2: 967 daAuts
     D:3: 928 daAuts
   Sewer: 256 daAuts
     D:4: 54 daAuts
